 Dungeon Crawl Stone Soup version 0.31-a0-1300-gb6740aa4e6 (webtiles) character file.

Game seed: 3620451726946591928

753 bmb222 the Ruffian (level 7, -1/51 HPs)
             Began as a Demonspawn Shapeshifter on Dec 18, 2023.
             Was an Initiate of Gozag.
             Killed from afar by a white imp (10 damage)
             ... with a puff of frost
             ... on level 5 of the Dungeon.
             The game lasted 00:04:15 (4093 turns).

bmb222 the Ruffian (Demonspawn Shapeshifter)        Turns: 4093, Time: 00:04:16

Health: -1/51      AC:  4    Str: 16    XL:     7   Next: 49%
Magic:  7/7        EV: 18    Int: 11    God:    Gozag
Gold:   360        SH:  6    Dex: 12    Spells: 6/6 levels left

rFire   . . .        m - +2 dagger (venom)
rCold   . . .        (no shield)
rNeg    . . .        y - +2 robe {Will+}
rPois   .            (helmet currently unavailable)
rElec   .            (cloak currently unavailable)
rCorr   .            (gloves currently unavailable)
SInv    .            (boots currently unavailable)
Will    +....        (no amulet)
Stlth   +            D - +5 ring of evasion
HPRegen 0.28/turn    (no ring)
MPRegen 0.10/turn

%: no passive effects
@: beast-form, gold aura
A: beast (slay +2), hooves 1, large bone plates 2, ignite blood 1
a: Begin Untransformation, Renounce Religion, Potion Petition, Call Merchant,
Bribe Branch


You were on level 5 of the Dungeon.
You worshipped Gozag.
Gozag was aware of your devotion.
You were a hulking beast.
You visited 2 branches of the dungeon, and saw 6 of its levels.

You collected 416 gold pieces.
You paid 56 gold pieces to Gozag.

Inventory:

Hand Weapons
 j - a +1 dagger of pain
 m - a +2 dagger of venom (weapon)
Missiles
 p - 11 poisoned darts
Armour
 a - a +0 animal skin
 b - a +2 helmet
 i - a +1 robe of willpower
 y - a +2 robe of willpower (worn)
Jewellery
 u - a ring of ice
 D - a +5 ring of evasion (left hand)
Talismans
 c - a beast talisman
 d - a flux talisman
Wands
 s - a wand of light (7)
 E - a wand of polymorph (6)
Scrolls
 e - 4 scrolls of identify
 f - 2 scrolls of fog {unknown}
 k - a scroll of poison {unknown}
 l - a scroll of enchant armour {unknown}
 n - a scroll of vulnerability {unknown}
 q - 3 scrolls of noise
 r - 2 scrolls of fear {unknown}
 t - a scroll of summoning {unknown}
 C - a scroll of teleportation {unknown}
Potions
 g - a potion of curing
 h - a potion of mutation {unknown}
 o - 2 potions of magic {unknown}
 v - 2 potions of heal wounds {unknown}
 w - a potion of haste {unknown}
 x - a potion of cancellation {unknown}
 z - a potion of brilliance {unknown}
 A - a potion of lignification
 B - a potion of degeneration {unknown}


   Skills:
 + Level 2.9 Fighting
 * Level 2.2 Armour
 + Level 4.2 Dodging
 + Level 1.9 Shields
 + Level 4.2 Unarmed Combat
 + Level 4.1 Shapeshifting


You had 6 spell levels left.
You didn't know any spells.
Your spell library contained the following spells:

 Spells                   Type           Power      Damage    Failure   Level
 Static Discharge         Conj/Air       0%         3-3/arc   47%         2
 Airstrike                Air            0%         2d(0-16)  98%         4
 Summon Lightning Spire   Summ/Air       0%         N/A       98%         4


Dungeon Overview and Level Annotations

Branches:
Dungeon (5/15)             Temple (1/1) D:4

Altars:
Cheibriados
Dithmenos
Fedhas
Gozag
Kikubaaqudgha
Makhleb
Nemelex Xobeh
Okawaru
Qazlal
Trog
Uskayaw
Vehumet
Wu Jian
Yredelemnul


Innate Abilities, Weirdness & Mutations

You are a hulking beast.
Your limbs bulge with bestial killing power. (Slay +2)
You have large cloven feet.
You are mostly covered in large bone plates. (SH +6)
Your demonic aura sometimes causes spilled blood to erupt in flames.


Message History

The white imp gestures at you. The puff of frost hits you.
The iguana bites you.
There are monsters nearby!
You completely miss the iguana. You kick the iguana.
The iguana is lightly wounded.
The white imp puffs mist at you. The iguana completely misses you.
There are monsters nearby!
You hit the iguana but do no damage.
The iguana is poisoned.
The iguana is lightly wounded.
The iguana bites you.
There are monsters nearby!
You hit the iguana.
The iguana looks as sick as possible!
Your kick misses the iguana.
The iguana is heavily wounded.
The white imp gestures at you. The puff of frost hits you!
The iguana bites you!
There are monsters nearby!
You are too injured to fight recklessly!
You are too injured to fight recklessly!
You are too injured to fight recklessly!
You are too injured to fight recklessly!
There are monsters nearby!
Unknown command.
The iguana attacks as it pursues you! The iguana completely misses you.
The white imp gestures at you. The puff of frost hits you!
* * * LOW HITPOINT WARNING * * *
You hit the iguana.
You kill the iguana!
The white imp gestures at you.
You hear a sizzling sound!
You see here a +0 leather armour.
The white imp gestures at you. The puff of frost hits you!
* * * LOW HITPOINT WARNING * * *
The white imp gestures at you. The puff of frost hits you!
You die...
Your body crumbles into a pile of gold.

##### ######.########.#.>
##...###................#.
#.....##.##.....#######.#.
#).......##.....#######...
.........................
#...#...♣♣♣♣..####.._..##
##.##....................
###.##.###############.###
##.#......h.# #.##
#.......###.# ##.##
##.###### #.# ######.#.
#.# #.# #.......#
#######.###### #.#
#.####### #............#
#.# #.# #.#####.####.# #5#
#.# #.####.###.# #.#
#..........# #.#


You could see a white imp.

Vanquished Creatures
  Eustachio (D:5)
  A phantom (D:5)
  A scorpion (D:5)
  A howler monkey (D:5)
  2 hounds (D:5)
  A jelly (D:4)
  An orc priest (D:4)
  Jessica (D:2)
  3 iguanas
  Terence (D:3)
  An orc wizard (D:4)
  Robin (D:3)
  6 adders
  2 worms
  4 dart slugs
  2 orcs (D:4)
  3 ball pythons
  7 endoplasms
  A giant cockroach (D:2)
  21 goblins
  7 hobgoblins
  4 jackals (D:4)
  2 quokkas
  3 bats
  3 frilled lizards (D:3)
  8 kobolds
  5 rats
93 creatures vanquished.

Notes
Turn   | Place    | Note
-------+----------+-------------------------------------------
     0 | D:1      | bmb222 the Demonspawn Shapeshifter began the quest for the
                  | Orb.
     0 | D:1      | Reached XP level 1. HP: 15/15 MP: 1/1
   162 | D:1      | Gained mutation: You are partially covered in large bone
                  | plates. (SH +4) [demonic ancestry]
   162 | D:1      | Reached XP level 2. HP: 18/21 MP: 2/2
   906 | D:2      | Reached XP level 3. HP: 22/26 MP: 3/3
  1108 | D:2      | Found an ancient bone altar of Kikubaaqudgha.
  1109 | D:2      | Noticed Jessica
  1116 | D:2      | Killed Jessica
  1122 | D:2      | Gained mutation: Your demonic aura sometimes causes spilled
                  | blood to erupt in flames. [demonic ancestry]
  1122 | D:2      | Reached XP level 4. HP: 29/32 MP: 4/4
  1512 | D:3      | Noticed Terence
  1526 | D:3      | Killed Terence
  2120 | D:3      | Found a faded altar of an unknown god.
  2136 | D:3      | Noticed Robin
  2168 | D:3      | Killed Robin
  2169 | D:3      | Gained mutation: You are mostly covered in large bone
                  | plates. (SH +6) [demonic ancestry]
  2169 | D:3      | Reached XP level 5. HP: 14/37 MP: 5/5
  2446 | D:4      | Found a staircase to the Ecumenical Temple.
  2629 | Temple   | Entered the Ecumenical Temple
  2646 | Temple   | Became a worshipper of Gozag Ym Sagoz the Greedy
  3115 | D:4      | Reached skill level 1 in Shields
  3115 | D:4      | Gained mutation: You have large cloven feet. [demonic
                  | ancestry]
  3115 | D:4      | Reached XP level 6. HP: 27/44 MP: 6/6
  3560 | D:5      | Entered Level 5 of the Dungeon
  3573 | D:5      | Reached skill level 1 in Armour
  3865 | D:5      | Reached XP level 7. HP: 47/51 MP: 7/7
  3881 | D:5      | Noticed Eustachio
  3890 | D:5      | Killed Eustachio
  3948 | D:5      | Found an ornate altar of the Wu Jian Council.
  4093 | D:5      | Killed from afar by a white imp

Illustrated notes

Levels and vault maps discovered:
D:1:      dpeg_arrival_long_road, layout_loops_ring
D:2:      layout_rooms, basic_altar, minmay_between, uniq_jessica
D:3:      layout_basic, hellmonk_ecumenical_altar_zigzags, uniq_robin,
          uniq_terence
D:4:      layout_basic, minmay_temple_entry_trees
D:5:      layout_loops_ring, mainiacjoe_overflow_boulevard, uniq_eustachio
Temple:   lightli_temple_of_artemis

Skill      XL: |  1  2  3  4  5  6  7 |
---------------+----------------------+-----
Shapeshifting  | 3 4 |  4.1
Unarmed Combat | 3 4 |  4.2
Dodging        | 2 3 4 |  4.2
Fighting       | 2 |  2.9
Shields        | 1 |  1.9
Armour         | 1 2 |  2.2

Action                     |  1- 3 |  4- 6 |  7- 9 || total
---------------------------+-------+-------+-------++-------
  Melee: Unarmed           |    83 |       |       ||    83
         Punch             |     1 |     3 |       ||     4
         Dagger            |       |   190 |    24 ||   214
         Kick              |       |     9 |     6 ||    15
    Use: Potion            |       |     2 |       ||     2
         Scroll            |       |     1 |       ||     1
   Stab: Sleeping          |     1 |     1 |       ||     2
 Armour: Animal skin       |    25 |       |       ||    25
         Robe              |     9 |    72 |    12 ||    93
         Skin              |       |    59 |       ||    59
  Dodge: Dodged            |    27 |    79 |    11 ||   117
  Block: Other             |     8 |    39 |     7 ||    54

Table legend: (Time is in decaauts)
 A = Elapsed time spent in this place.
 B = Non-inter-level travel time spent in this place.
 C = Inter-level travel time spent in this place.
 D = Time resting spent in this place.
 E = Time spent auto-exploring this place.
 F = Levels seen in this place.
 G = Mean time per level.
                   A        B        C        D        E       F      G
               +--------+--------+--------+--------+--------+-----+--------+
         Total |   4086 |   3848 |    238 |    158 |   3009 |   6 |  681.0 |
       Dungeon |   4051 |   3814 |    237 |    158 |   3009 |   5 |  810.2 |
        Temple |     34 |     34 |      0 |      0 |      0 |   1 |   34.0 |
               +--------+--------+--------+--------+--------+-----+--------+

Top non-repeatable levels by time:
     D:4: 1145 daAuts
     D:3: 931 daAuts
     D:1: 888 daAuts
     D:2: 554 daAuts
     D:5: 532 daAuts
  Temple: 34 daAuts
